[Event "Championnat d'Europe de Blitz"]
[Date "2024.12.09"]
[White "Saric, Ante"]
[Black "Herega, Nejc"]
[WhiteElo "2482"]
[BlackElo "2249"]
[Round "5.29"]
[Result "0-1"]
[TimeControl "180+2"]

1. Nf3 d5 2. g3 Nf6 3. Bg2 g6 4. b3 Bg7 5. Bb2 c5 6. O-O Nc6 7. Ne5 Nxe5 8. Bxe5 O-O 9. c4 dxc4 10. bxc4 Nd7 11. Bxg7 Kxg7 12. Nc3 Nf6 13. Rb1 Rb8 14. d3 b6 15. a4 Bb7 16. Bxb7 Rxb7 17. a5 Qd7 18.
Qa4 Qe6 19.
Rb2 h5 20.
h4 Rc8 21.
Kg2 Qe5 22.
Qc2 Rc6 23.
Nb5 Kh7 24.
Qc3 Qf5 25.
Qd2 Qe5 26.
Rfb1 bxa5 27. Nc3 Rb4 28. Na2 Rbb6 29. Rb5 a4 30. Nc3 a3 31. Na4 Ra6 32. Nc3 Ng4 33. Rb7 Rf6 34. Ne4 a2 35. Nxf6+ Qxf6 36. f3 axb1=Q 37. Rxb1 Ne5 38. Rb7 Nc6 39. Qe3 Nd4 40. Qxe7 Qxe7 41. Rxe7 Kg7 42. Kf2 Ra2 43. Re5 a5 44. Rxc5 Nxe2 45. Rc8 a4 46. Ra8 a3 47. c5 Nd4+ 48. Ke3 Nb5 49. Ra5 Rb2 50. c6 a2 51. d4 Rb3+ 52. Ke4 Ra3 53. Rxa3 Nxa3 54. c7 Nc4 55.
Kd5 a1=Q 0-1

[Site "Europe Echecs"]

[Event "Championnat d'Europe de Blitz"]
[Date "2024.12.09"]
[White "Denk, Adolf"]
[Black "Janik, Igor"]
[WhiteElo "2113"]
[BlackElo "2515"]
[Round "5.30"]
[Result "0-1"]
[TimeControl "180+2"]

1. c4 g6 2.
g3 Bg7 3. Bg2 c6 4. Nc3 Nf6 5. d4 d5 6. cxd5 cxd5 7. Nf3 O-O 8. Ne5 e6 9. O-O Nfd7 10. Nxd7 Bxd7 11. b3 b5 12. a3 Qb6 13. e3 Rc8 14. Bb2 Nc6 15. Qd2 Na5 16. Qd1 b4 17. axb4 Qxb4 18. Ne2 Qxb3 19. Rxa5 Qxb2 20. Nf4 Qb6 21. Qa1 Rc7 22. Rb1 Qd6 23. Nd3 Bc8 24. Nc5 Bf8 25. Rb3 Qd8 26. Rc3 Bxc5 27. dxc5 Bd7 28. h4 Qf6 29. Qc1 Bc6 30. Rca3 Qe7 31. Qa1 Be8 32. Rc3 Rac8 33. Qa3 f6 34. Qb4 Bf7 35. Qa3 e5 36. Qc1 d4 37. exd4 exd4 38. Rc2 Bb3 39. Rb2 Rxc5 40. Rxc5 Rxc5 41. Qf4 Bf7 42. Qxd4 Kg7 43. Rb7 Rc7 44. Rb2 a5 45. Bf3 Ra7 46. h5 a4 47. g4 a3 48. Rb1 a2 49. Ra1 Qe5 50. Qd1 Ra3 51. h6+ Kxh6 52. Kg2 Kg7 53. Qc1 Qc3 54. Qd1 g5 55. Rc1 Qxc1 56. Qxc1 a1=Q 57. Qc7 Qc3 58. Qe7 Qxf3+ 59.
Kg1 Ra1+ 0-1

[Site "Europe Echecs"]

[Event "Championnat d'Europe de Blitz"]
[Date "2024.12.09"]
[White "Georgiev, Kiril"]
[Black "Upleger, Martin"]
[WhiteElo "2537"]
[BlackElo "2297"]
[Round "5.31"]
[Result "0-1"]
[TimeControl "180+2"]

1. d4 Nf6 2.
Nf3 b6 3.
Bf4 Bb7 4.
e3 g6 5. h3 Bg7 6. Be2 O-O 7. O-O d6 8. c4 Nbd7 9. Bh2 a6 10. Nc3 Ne4 11. Rc1 Nxc3 12. bxc3 c5 13. Nd2 Qc7 14. a4 Rab8 15. Qb3 Rfc8 16. Rfd1 Nf6 17. Bf1 Bc6 18. Ra1 Ne4 19. Nf3 Nf6 20. Ne1 Qd7 21. Qc2 cxd4 22. cxd4 b5 23. axb5 axb5 24. c5 b4 25. Qb2 Bb5 26. Nd3 Nd5 27. Rdc1 Bxd3 28.
Bxd3 Nc3 29.
cxd6 exd6 30. Qb3 Rb6 31. Bg3 d5 32. Kh2 Bf8 33. Ra5 Be7 34. Rca1 h5 35. Ra7 Qe6 36. Kg1 h4 37. Bf4 Bd6 38. Bg5 Rbc6 39. Bxh4 Bf8 40. Bg3 Bh6 41. Kh1 Rb6 42. R7a6 Rcc6 43. Rxb6 Rxb6 44. Be5 Bg7 45. Ra8+ Kh7 46. Bf4 Bf6 47. Rb8 Rxb8 48. Bxb8 Be7 49. Bf4 Bd6 50. Bg5 Qd7 51. Qb2 Qa7 52. Bf1 Qa3 53. Qc2 Qa1 54. Qd3 Qe1 55. Kg1 b3 56. e4 b2 57. Bd2 Qd1 58. Bxc3 b1=Q 59. Qf3 Qxf3 60.
gxf3 dxe4 0-1

[Site "Europe Echecs"]

[Event "Championnat d'Europe de Blitz"]
[Date "2024.12.09"]
[White "Dvirnyy, Danyyil"]
[Black "Magold, Filip"]
[WhiteElo "2491"]
[BlackElo "2428"]
[Round "5.32"]
[Result "1-0"]
[TimeControl "180+2"]

1. e4 d6 2.
d4 Nf6 3.
Bd3 g6 4. c3 Bg7 5. Nf3 a6 6. O-O O-O 7. h3 c5 8. Re1 b5 9. a4 c4 10. Bc2 Bb7 11. Nbd2 Nbd7 12. Nf1 e6 13. Ng3 Nb6 14. Bf4 Nxa4 15. Bxa4 bxa4 16. Rxa4 Rc8 17. Qd2 Qd7 18. Ra5 Rfe8 19. Bh6 Bh8 20. Qg5 Qd8 21. Raa1 Nd7 22. Qf4 e5 23. Qd2 Nf6 24. d5 Rb8 25. Nh2 Bc8 26. Nhf1 Qb6 27. Ne3 Nd7 28. Nxc4 Qc7 29. Na5 Nb6 30. b3 Bd7 31. c4 Nc8 32. b4 Nb6 33. Rec1 Nc8 34. c5 dxc5 35. bxc5 Bb5 36. c6 Nd6 37. Nb3 Nc4 38. Qc3 Bf6 39. Nc5 Nd6 40. Nd7 Bh8 41. Nxb8 Rxb8 42. Qc5 Bf6 43. Be3 Be7 44. Qa7 Qxa7 45. Bxa7 Rc8 46.
Bc5 Kf8 47. f3 Ke8 48. Nf1 f5 49. Nd2 h5 50. exf5 gxf5 51. Re1 Nf7 52. Nb3 Bc4 53. Bxe7 Kxe7 54. Nd4 Kf6 55. Nc2 Bxd5 56. Rxa6 Bc4 57.
Rb6 Kg5 58.
Nb4 Kf4 59.
Kf2 h4 60. Rc1 Be6 61. Nd3+ Kg5 62. Ke3 f4+ 63. Kf2 Bf5 64. Nb4 e4 65. fxe4 Bxe4 66. c7 Bf5 67. Rb8 Nd6 68. Rxc8 Bxc8 69. Rc5+ Kf6 70. Nd5+ Ke5 71.
Nb6+ Kd4 72. Rd5+ 1-0

[Site "Europe Echecs"]

[Event "Championnat d'Europe de Blitz"]
[Date "2024.12.09"]
[White "Laurusas, Tomas"]
[Black "Ghimpu, Samuel-Timotei"]
[WhiteElo "2578"]
[BlackElo "2475"]
[Round "5.33"]
[Result "0-1"]
[TimeControl "180+2"]

1. d4 Nf6 2. c4 e6 3. Nf3 d5 4. Nc3 c5 5. cxd5 Nxd5 6. g3 Nxc3 7. bxc3 cxd4 8. cxd4 Bb4+ 9. Bd2 Bxd2+ 10. Qxd2 b6 11. Bg2 Bb7 12. O-O O-O 13. a4 Nd7 14. a5 bxa5 15. Rxa5 h6 16. Rfa1 a6 17. Qb4 Qc7 18. h4 Rfb8 19. Qa3 Rc8 20. e3 Nf6 21. Ne5 Bxg2 22. Kxg2 Qb7+ 23. Kg1 Rc2 24. Rc5 Rxc5 25. Qxc5 Rc8 26. Qa3 Rc2 27. Rc1 Rxc1+ 28. Qxc1 a5 29. Qc5 a4 30. Qa5 Qb1+ 31. Kg2 Qe4+ 32. Kg1 Qb1+ 33. Kg2 Qe4+ 34. Kh2 Qc2 35. Qa8+ Kh7 36. Qf3 a3 37. g4 a2 38. g5 Qe4 39.
Qd1 Qxh4+ 40. Kg2 Qxg5+ 41. Kf1 Qf5 42. Nd3 a1=Q 43. Qxa1 Qxd3+ 44. Kg2 Qe4+ 45. Kg1 Qf5 46. Qa7 Ne4 47. Qa2 h5 48. Kg2 Qg4+ 49. Kf1 Qf3 50. Kg1 h4 51. Qc2 h3 52. Qd3 Qg2# 0-1

[Site "Europe Echecs"]

[Event "Championnat d'Europe de Blitz"]
[Date "2024.12.09"]
[White "Tsolakidou, Stavroula"]
[Black "Paichadze, Luka"]
[WhiteElo "2451"]
[BlackElo "2532"]
[Round "5.34"]
[Result "0-1"]
[TimeControl "180+2"]

1. e4 c6 2.
d4 d5 3. e5 Bf5 4. Nd2 e6 5. Nb3 Nd7 6. Nf3 Ne7 7. Be2 h6 8. O-O g5 9. Bd2 Bg7 10. a4 O-O 11. a5 f6 12. exf6 Rxf6 13. Bb4 Ng6 14. Bd6 Rf7 15. c4 g4 16. Nfd2 h5 17. c5 a6 18. f3 Qh4 19. fxg4 hxg4 20. Qe1 Qg5 21. Qg3 Bh6 22. Kh1 Nf6 23. Qc3 Rh7 24. Bd3 Nh5 25. Bxf5 exf5 26. Qd3 Nhf4 27. Qe3 g3 28. h3 Ne6 29. Qxe6+ Kh8 30. Rxf5 0-1

[Site "Europe Echecs"]

[Event "Championnat d'Europe de Blitz"]
[Date "2024.12.09"]
[White "Bernadskiy, Vitaliy"]
[Black "Dragicevic, Drazen"]
[WhiteElo "2546"]
[BlackElo "2332"]
[Round "5.35"]
[Result "1-0"]
[TimeControl "180+2"]

1. e4 e5 2.
Nf3 Nf6 3.
Nc3 Nc6 4.
Bb5 d6 5. d4 exd4 6. Nxd4 Bd7 7. O-O Nxd4 8. Qxd4 Bxb5 9. Nxb5 a6 10. Nc3 Be7 11. Bg5 O-O 12. Rfe1 h6 13. Bh4 Nd7 14. Bxe7 Qxe7 15. Nd5 Qe5 16. Rad1 Qxd4 17.
Rxd4 Nf6 18.
Nxf6+ gxf6 19. Re3 Rfe8 20. Kf1 Re5 21. Rc3 Re7 22. g4 b5 23. f3 Kf8 24. Rd5 Ra7 25. Kf2 Re5 26. Ke3 Ke7 27. Kf4 Rxd5 1-0

[Site "Europe Echecs"]

[Event "Championnat d'Europe de Blitz"]
[Date "2024.12.09"]
[White "Reprintsev, Alexander"]
[Black "Kalezic, Blazo"]
[WhiteElo "2230"]
[BlackElo "2382"]
[Round "5.36"]
[Result "1/2-1/2"]
[TimeControl "180+2"]

1. e4 e6 2. d4 d5 3. Nc3 Nf6 4. Bg5 Be7 5. e5 Nfd7 6. h4 a6 7. Qg4 Bxg5 8. hxg5 c5 9. dxc5 Nc6 10. Nf3 Qa5 11. O-O-O g6 12. Rh4 Qxc5 13. Qh3 Nf8 14. Qg3 Bd7 15. a3 O-O-O 16.
Ne2 Be8 17.
Ned4 Nd7 18.
Nxc6 Qxc6 19. Kb1 Kb8 20. c4 Nb6 21. Rc1 Rc8 22. Nd4 Qc7 23. c5 Nc4 24. Bxc4 dxc4 25. Rxc4 Bc6 26. Nxc6+ Qxc6 27. Rhd4 h5 28. gxh6 Rxh6 29. Qf3 Qxf3 30. gxf3 Rh5 31. Rf4 Rxe5 32. Rxf7 Rcxc5 33. Rxc5 Rxc5 34. Rf6 Rc6 1/2-1/2

[Site "Europe Echecs"]

[Event "Championnat d'Europe de Blitz"]
[Date "2024.12.09"]
[White "Pancevski, Filip"]
[Black "Andonovski, Ljubisa"]
[WhiteElo "2420"]
[BlackElo "2253"]
[Round "5.37"]
[Result "1-0"]
[TimeControl "180+2"]

1. e4 Nc6 2. Nc3 e5 3. g3 Bc5 4. Bg2 d6 5. d3 Nge7 6. Nge2 h5 7. h3 h4 8. g4 Ng6 9. Be3 O-O 10. Qd2 Bxe3 11. fxe3 Be6 12. O-O Qg5 13. Kh1 Nd4 14. Ng1 c6 15. Qf2 Nb5 16. Nf3 Qh6 17. Nxb5 cxb5 18. a3 Rac8 19. c3 a5 20. d4 Bc4 21. Rg1 f6 22. Rae1 d5 23. Nd2 dxe4 24. Bxe4 Bf7 25. Bxb7 Rc7 26. Be4 b4 27. axb4 axb4 28. cxb4 exd4 29. exd4 Rb8 30. Rc1 Rxc1 31. Rxc1 Rxb4 32. Rc8+ Kh7 33. Nf3 1-0

[Site "Europe Echecs"]

[Event "Championnat d'Europe de Blitz"]
[Date "2024.12.09"]
[White "Guliyev, Namig"]
[Black "Oliinyk, Serafym"]
[WhiteElo "2484"]
[BlackElo "2207"]
[Round "5.38"]
[Result "1-0"]
[TimeControl "180+2"]

1. e4 e5 2. Nf3 Nc6 3. Bb5 a6 4. Ba4 Nf6 5. O-O Be7 6. Re1 b5 7. Bb3 O-O 8. d4 Nxd4 9. Nxd4 exd4 10. e5 Ne8 11. Qxd4 c5 12. Qe4 Rb8 13. c4 Bb7 14. Qg4 d5 15. cxd5 c4 16. d6 Bxd6 17. exd6 cxb3 18. Bg5 f6 19. Bf4 f5 20. Qd1 Nf6 21. axb3 Qd7 22. Nc3 Rbd8 23. Qd4 Ne4 24. f3 Nxc3 25. bxc3 Rf7 26. c4 h6 27. c5 Qc6 28. Re6 Bc8 29. Re5 Kh7 30. b4 Bb7 31. Rae1 Rdd7 32. Re6 a5 33. Bxh6 gxh6 34. Qh4 Kg8 35. Qxh6 Rg7 36. Re8+ Kf7 37. Qe6# 1-0

[Site "Europe Echecs"]

[Event "Championnat d'Europe de Blitz"]
[Date "2024.12.09"]
[White "Rodriguez Fontecha, Marcos"]
[Black "Zajic, Milan"]
[WhiteElo "2278"]
[BlackElo "2392"]
[Round "5.39"]
[Result "0-1"]
[TimeControl "180+2"]

1. Nf3 d5 2.
g3 Nf6 3.
Bg2 c6 4. O-O Bg4 5. c4 e6 6. Qb3 Qb6 7. d3 Nbd7 8. Be3 Bc5 9. d4 Be7 10. c5 Qxb3 11. axb3 O-O 12. b4 a6 13. Nbd2 Bd8 14. Bf4 Rc8 15. Nb3 Bc7 16. Na5 Bxf4 17.
gxf4 Rc7 18.
e3 Ne4 19.
Rfc1 f5 20.
Ne5 Nxe5 21.
dxe5 Nd2 22.
Rc2 Nf3+ 23.
Kh1 g5 24.
Nb3 gxf4 25.
exf4 Rg7 26. Rc3 Nh4 27. Rg3 Ng6 28. f3 Bh5 29. Rg1 Nxf4 30. Bf1 Rxg3 31. Rxg3+ Kf7 32. Nd4 Rg8 33. Kg1 Ng6 34. f4 Nxf4 35. Rxg8 Kxg8 36. Nxc6 bxc6 37. Bxa6 d4 38. Bc4 d3 39. b5 d2 40. Bb3 cxb5 41. c6 Nd5 42. Kf2 d1=Q 0-1

[Site "Europe Echecs"]

[Event "Championnat d'Europe de Blitz"]
[Date "2024.12.09"]
[White "Vyval, Volodymyr"]
[Black "Costachi, Mihnea"]
[WhiteElo "2269"]
[BlackElo "2464"]
[Round "5.40"]
[Result "0-1"]
[TimeControl "180+2"]

1. e4 e5 2. Nf3 Nc6 3. d4 exd4 4. Nxd4 Nf6 5. Nxc6 bxc6 6. Bd3 d5 7. O-O dxe4 8. Qe1 Be7 9.
Bxe4 O-O 10.
Bxc6 Rb8 11.
Qd1 Bf5 12.
Nc3 Qxd1 13.
Rxd1 Bxc2 14. Re1 Bc5 15. b3 Rfd8 16. Be3 Bb4 17. Nb5 Bxe1 18. Rxe1 Be4 19. Bxe4 Nxe4 20. Nxa7 Ra8 21. a4 Nc3 22. a5 Rdb8 23. Kf1 Rxb3 24. Rc1 Nd5 25. Bc5 h5 26. Rd1 Nc3 27. Rc1 Ne4 28. Be3 Rxe3 29. fxe3 Rxa7 30. Ke2 c5 31. Ra1 c4 32. Ra4 Nc3+ 0-1

[Site "Europe Echecs"]

[Event "Championnat d'Europe de Blitz"]
[Date "2024.12.09"]
[White "Dragnev, Valentin"]
[Black "Kukk, Sander"]
[WhiteElo "2563"]
[BlackElo "2234"]
[Round "5.41"]
[Result "1-0"]
[TimeControl "180+2"]

1. e4 g6 2. d4 Bg7 3. Nf3 d6 4. Be3 Nf6 5. Nc3 O-O 6. Qd2 Bg4 7. Ng5 h6 8. h3 Bd7 9. Nf3 Kh7 10. e5 Ng8 11. h4 dxe5 12. h5 exd4 13. hxg6+ fxg6 14. Bxd4 e5 15. Bc5 Rxf3 16. gxf3 Qc8 17. O-O-O Bf5 18. Bc4 Nc6 19. Be3 h5 20. Ne4 Nf6 21. Ng5+ Kh8 22. Nf7+ Kh7 23. Bh6 Qf8 24. Bxg7 Kxg7 25. Qh6+ 1-0

[Site "Europe Echecs"]

[Event "Championnat d'Europe de Blitz"]
[Date "2024.12.09"]
[White "Maier, Christian"]
[Black "Boyer, Mahel"]
[WhiteElo "2235"]
[BlackElo "2526"]
[Round "5.42"]
[Result "0-1"]
[TimeControl "180+2"]

1. e4 Nc6 2. d4 d5 3. e5 Bf5 4. c3 e6 5. Ne2 f6 6. exf6 Nxf6 7. Ng3 Bd6 8. Nxf5 exf5 9. Bd3 Ne4 10. Nd2 O-O 11. Nf3 Qf6 12. Qb3 Ne7 13. h4 h6 14. Be3 c6 15. O-O-O b5 16. g3 a5 17. Rhf1 Kh8 18. Bf4 Bxf4+ 19. gxf4 Ng6 20. h5 Nxf4 21. Ne5 Nxh5 22. Nd7 Qg5+ 23. Kb1 Nd2+ 0-1

[Site "Europe Echecs"]

[Event "Championnat d'Europe de Blitz"]
[Date "2024.12.09"]
[White "Gaponenko, Inna"]
[Black "Baskin, Robert"]
[WhiteElo "2343"]
[BlackElo "2442"]
[Round "5.43"]
[Result "1/2-1/2"]
[TimeControl "180+2"]

1. e4 e5 2. Nf3 Nc6 3. Bb5 a6 4. Bxc6 dxc6 5. O-O Qf6 6. d4 exd4 7. Bg5 Qd6 8. Nxd4 Bd7 9. Nc3 Be7 10. Bxe7 Nxe7 11. Qd3 O-O-O 12. Rad1 c5 13. Nb3 Qxd3 14. cxd3 b6 15. d4 cxd4 16. Nxd4 f6 17. Rd2 c5 18. Nde2 Be6 19. Rfd1 Rxd2 20. Rxd2 Rd8 21. Rxd8+ Kxd8 22. Nf4 Bf7 23. Kf1 g5 24. Nd3 Kc7 25. Ke2 Kd6 26. Ke3 Ng6 27. g3 b5 28. a3 Bc4 29. Nc1 Ne5 30. f3 Be6 31. b3 b4 32. axb4 cxb4 33. N3e2 a5 34. Nd4 Bd7 35. Nd3 Nxd3 36. Kxd3 Kc5 37. f4 gxf4 38. gxf4 Bg4 39. Nc2 Bd1 40. Nd4 a4 41. bxa4 Bxa4 42. e5 fxe5 43. fxe5 Be8 44.
e6 Bg6+ 45.
Ke3 Kd5 46.
h4 Kc4 47.
e7 Kd5 48.
Nb3 Kd6 49.
Nd4 Be8 50.
Kd3 Kxe7 51.
Kc4 Kf6 52. Kxb4 Ke5 53. Kc3 Kf4 54. Kd3 Kg4 55. Ke3 Kxh4 56. Kf2 Kg4 57. Kg2 h5 58. Kh2 Bd7 59. Ne2 Bb5 60. Ng3 h4 61. Ne4 Bc6 62. Nf2+ Kg5 63. Nh3+ Kf5 64. Nf2 Bb5 65. Kh3 Ke5 1/2-1/2

[Site "Europe Echecs"]

[Event "Championnat d'Europe de Blitz"]
[Date "2024.12.09"]
[White "Cvitan, Ognjen"]
[Black "Manea, Alexandru"]
[WhiteElo "2413"]
[BlackElo "2272"]
[Round "5.44"]
[Result "1-0"]
[TimeControl "180+2"]

1. d4 Nf6 2.
c4 c6 3. Nc3 d5 4. Nf3 a6 5. cxd5 cxd5 6. Bf4 Nc6 7. Rc1 Bf5 8. e3 e6 9. Qb3 Ra7 10. Be2 Bd6 11. Bxd6 Qxd6 12. O-O O-O 13. Na4 Nd7 14. Nc5 Nxc5 15. Rxc5 Rd8 16. Rfc1 h6 17. h3 g5 18. Bd1 Kg7 19. Qb6 Raa8 20. Qxb7 Ne7 21. Qc7 Qxc7 22. Rxc7 Kf8 23. Ne5 Rd6 24. Bh5 f6 25. Nd7+ Kg7 26. Rb7 Bg6 27. Bxg6 Kxg6 28. Rcc7 1-0

[Site "Europe Echecs"]

[Event "Championnat d'Europe de Blitz"]
[Date "2024.12.09"]
[White "Nikolovski, Nikola"]
[Black "Veljanoski, Andrej"]
[WhiteElo "2407"]
[BlackElo "2304"]
[Round "5.45"]
[Result "1-0"]
[TimeControl "180+2"]

1. f4 e5 2.
fxe5 d6 3. Nf3 dxe5 4. e4 Nc6 5. Bb5 Bc5 6. Bxc6+ bxc6 7. d3 Be6 8. Qe2 f6 9. Be3 Bb6 10. O-O Ne7 11. Nbd2 O-O 12. Kh1 Nc8 13. Nh4 Nd6 14. a4 a5 15. b3 Qd7 16. Qf2 Rab8 17. Qg3 Kh8 18. Rae1 Rbe8 19. h3 Bd4 20. Rf2 Bxe3 21. Qxe3 Nf7 22. Qg3 Ng5 23. Ref1 Rg8 24. Nhf3 Nxf3 25. Nxf3 Rd8 26. Nh4 Rge8 27. Nf3 Qe7 28. Nd2 Qf7 29. Rf3 Qg6 30. Qf2 Rd4 31. Qe3 h6 32. R1f2 Qg5 33. Qe1 Qg6 34. Nf1 Rdd8 35. Qxa5 Qf7 36. Ne3 Qd7 37. Qc3 Qd6 38. Rf1 Rb8 39.
Ra1 Ra8 40.
Rff1 Reb8 41. Rf3 Rb4 42. Raf1 Ra5 43. Rg3 Qd4 44. Qe1 Rc5 45. Rf2 Rb8 46. Kh2 Qb2 47. Qf1 Rf8 48. Qe1 Qd4 49. Nd1 Qa1 50. b4 Rc3 51. Qxc3 Qxd1 52. Qd2 Qa1 53. a5 Qa3 54.
Rgf3 Rd8 55.
Rg3 Rb8 56.
Rxf6 Bg8 57. Rxh6+ Bh7 58. Rh4 Qxb4 59. Qg5 Qf8 60. Qh5 Qg8 61. Qxe5 Rb5 62. Qc3 c5 63. Rhg4 c4 64. Rxg7 1-0

[Site "Europe Echecs"]

[Event "Championnat d'Europe de Blitz"]
[Date "2024.12.09"]
[White "Tomasi, Elise"]
[Black "Mohr, Georg"]
[WhiteElo "2073"]
[BlackElo "2385"]
[Round "5.46"]
[Result "0-1"]
[TimeControl "180+2"]

1. d4 Nf6 2. Nf3 c5 3. d5 g6 4. Nc3 Bg7 5. a4 O-O 6. g3 d6 7. Bg2 e6 8. Nd2 exd5 9. Nxd5 Nc6 10. O-O Nxd5 11. Bxd5 Ne7 12. Bg2 d5 13. Nb3 b6 14. c4 Be6 15. cxd5 Nxd5 16. a5 Rc8 17. axb6 axb6 18. Nd2 Nb4 19. Ne4 Qxd1 20. Rxd1 Rfd8 21. Rf1 h6 22. Nc3 Bc4 23. Bf3 Nc2 24. Ra7 Nd4 25. Bf4 Nxf3+ 26. exf3 Bxf1 27. Kxf1 g5 28. Bc7 Rd2 29. Bxb6 Rxb2 30. Na4 Ra2 31. Ra5 c4 0-1

[Site "Europe Echecs"]

[Event "Championnat d'Europe de Blitz"]
[Date "2024.12.09"]
[White "Horvath, Dominik"]
[Black "Nicholas, Koichi B"]
[WhiteElo "2542"]
[BlackElo "2069"]
[Round "5.47"]
[Result "1-0"]
[TimeControl "180+2"]

1. Nc3 d5 2.
e4 d4 3.
Nce2 e5 4.
Ng3 Be6 5.
c3 dxc3 6.
bxc3 Bc5 7.
Nf3 f6 8. d4 exd4 9. cxd4 Bb4+ 10. Bd2 Bxd2+ 11. Qxd2 Ne7 12. Rb1 Qc8 13. d5 Bf7 14. Qb4 b6 15. Bb5+ c6 16. dxc6 Nbxc6 17. Nf5 Kd8 18. Rd1+ Kc7 19. Qd6+ Kb7 20. Nxe7 1-0

[Site "Europe Echecs"]

[Event "Championnat d'Europe de Blitz"]
[Date "2024.12.09"]
[White "Eftovski, Mateo"]
[Black "Gatineau, Yovann"]
[WhiteElo "2029"]
[BlackElo "2363"]
[Round "5.49"]
[Result "0-1"]
[TimeControl "180+2"]

1. d4 Nf6 2. c4 e6 3. a3 d5 4. Nc3 c5 5.
e3 Nc6 6.
Nf3 cxd4 7.
exd4 Be7 8. Be2 dxc4 9. Bxc4 O-O 10. O-O b6 11. Qd3 Bb7 12. Ba2 Na5 13. Ne5 Nc6 14. Nf3 Re8 15. Re1 Bf8 16. Bg5 h6 17. Bh4 Ne7 18. Rad1 Nf5 19. Bg3 Rc8 20. Bb1 Nxg3 21. hxg3 g6 22. Ne5 Rc7 23. Qe2 Bg7 24. Qe3 Nd5 25. Nxd5 Qxd5 26. Be4 Qxe4 27. Qxe4 Bxe4 28. Rxe4 Rc2 29. Nd3 Rd8 30. Kf1 a5 31. Re2 Rxe2 32. Kxe2 Rxd4 33.
Rc1 Rd6 34.
Rc2 Bd4 35. f3 Kg7 36. g4 Kf6 37. Rc8 Rd5 38. Rc4 Be5 39. a4 Bd6 40. Rc6 Be5 41. Rxb6 Bd4 42. Rb5 Rxb5 43.
axb5 e5 44. b3 Ke6 45. Ne1 Kd5 46. Kd3 Kc5 47. b6 Kxb6 48. Kc4 Kc6 49. Nd3 f5 50. gxf5 gxf5 51.
Nc1 Kd6 52.
Ne2 Bb6 53. Ng3 Ke6 54. Kb5 Bd8 55.
Kc6 Kf6 56. Kd5 Kg5 57. Ne2 Bc7 58. Kc6 Bb8 59. Kd5 h5 60. Ke6 e4 61. fxe4 fxe4 62. Kd5 e3 63. Ke4 Ba7 64. Nf4 Kg4 65. Ne2 h4 66.
Kd3 Kf5 67.
Nd4+ Bxd4 0-1

[Site "Europe Echecs"]

[Event "Championnat d'Europe de Blitz"]
[Date "2024.12.09"]
[White "Molina Carretero, Daniel"]
[Black "Kuzubov, Yuriy"]
[WhiteElo "2195"]
[BlackElo "2595"]
[Round "5.50"]
[Result "0-1"]
[TimeControl "180+2"]

1. c4 e5 2.
g3 Nc6 3. Bg2 f5 4. Nc3 Nf6 5. Nf3 Bb4 6. Nd5 a5 7. O-O O-O 8. Ne1 d6 9. Nc2 Bc5 10. d3 Nxd5 11. Bxd5+ Kh8 12. Be3 Bxe3 13. Nxe3 f4 14. Nc2 Bh3 15. Bg2 Qd7 16. d4 Rae8 17. dxe5 Rxe5 18. Qd3 Rh5 19. Bf3 Ne5 20. Qd4 Nxf3+ 21. exf3 Bxf1 22. Kxf1 Rxh2 23. Ke2 Re8+ 24. Kd3 fxg3 25. Rg1 Qf5+ 26. Kc3 Qxf3+ 27. Ne3 Rxf2 28. Rh1 Qxe3+ 0-1

[Site "Europe Echecs"]

[Event "Championnat d'Europe de Blitz"]
[Date "2024.12.09"]
[White "Saraci, Nderim"]
[Black "Kesidis, Odyseas"]
[WhiteElo "2431"]
[BlackElo "2241"]
[Round "5.51"]
[Result "0-1"]
[TimeControl "180+2"]

1. d4 Nf6 2. Nf3 g6 3. e3 Bg7 4. b3 O-O 5. Bb2 d5 6. c4 c6 7. h3 Bf5 8. Be2 a5 9. Nc3 Ne4 10. Na4 Nd7 11. O-O Qb8 12. cxd5 cxd5 13. Bb5 Qd6 14. Rc1 Rfc8 15. Qe2 h5 16. Rfd1 Bf6 17. Qe1 g5 18. Bxd7 Bxd7 19. Nc5 g4 20. Ne5 Bf5 21. Nxb7 Qb8 22. Nxa5 Rxc1 23. Rxc1 gxh3 24. Nac6 Qd6 25. f3 Ng5 26. Qg3 Kh7 27. f4 Ne4 28. Qf3 Rg8 29.
Qxh5+ Kg7 30. Qxf5 h2+ 31. Kxh2 Rh8+ 32. Kg1 Rh1+ 33. Kxh1 Ng3+ 34. Kg1 Nxf5 35. Kf2 Bxe5 36. Nxe5 Qh6 37. Nf3 Nd6 38. Ba3 Ne4+ 39. Ke2 Qg6 40. Kd1 Qxg2 41. Bxe7 Qxf3+ 42. Kc2 Qe2+ 43. Kb1 Nd2+ 44. Kb2 Nc4+ 45. Kc3 Qxe3+ 46. Kc2 Qd2+ 47. Kb1 Qb2# 0-1

[Site "Europe Echecs"]

[Event "Championnat d'Europe de Blitz"]
[Date "2024.12.09"]
[White "Biljanic, Ljubomir"]
[Black "Samunenkov, Ihor"]
[WhiteElo "2130"]
[BlackElo "2543"]
[Round "5.52"]
[Result "0-1"]
[TimeControl "180+2"]

1. d4 d5 2.
c4 c6 3. Nf3 Nf6 4. e3 e6 5. Nc3 Nbd7 6. Qc2 Bd6 7. Bd3 O-O 8. O-O dxc4 9. Bxc4 a6 10. a4 c5 11. dxc5 Bxc5 12. e4 Qc7 13. Qe2 Ng4 14. h3 Nge5 15. Nxe5 Nxe5 0-1

[Site "Europe Echecs"]

[Event "Championnat d'Europe de Blitz"]
[Date "2024.12.09"]
[White "Schneider, Ilja"]
[Black "Sivan, Yaacov"]
[WhiteElo "2414"]
[BlackElo "2273"]
[Round "5.53"]
[Result "1-0"]
[TimeControl "180+2"]

1. e4 c5 2.
Nc3 Nc6 3. Bb5 g6 4. Bxc6 dxc6 5. f4 Bg7 6. Nf3 Nf6 7. O-O O-O 8. d3 b6 9. Qe1 Nd7 10. Qh4 e5 11. Qg3 exf4 12. Bxf4 Re8 13.
Bc7 Qf6 14.
Ne5 Nxe5 15.
Rxf6 Bxf6 16. Rf1 Bg7 17. Nd1 Bd7 18. Qh4 Rac8 19. Bd6 f6 20. Ne3 Re6 21. Bxe5 Rxe5 22. Rxf6 Bxf6 23. Qxf6 Rce8 24. h4 R5e6 25. Qf4 R6e7 26. h5 Rf7 27. Qg5 Kg7 28. h6+ Kg8 29. Nc4 Rfe7 30. Nd6 Re5 31. Qf6 R8e7 32.
Nf7 1-0

[Site "Europe Echecs"]

[Event "Championnat d'Europe de Blitz"]
[Date "2024.12.09"]
[White "Papasimakopoulos, Alexandros"]
[Black "Martins, Diogo Faria Oliveira"]
[WhiteElo "2379"]
[BlackElo "1961"]
[Round "5.54"]
[Result "1-0"]
[TimeControl "180+2"]

1. d4 Nf6 2. c4 c5 3. Nf3 cxd4 4. Nxd4 Nc6 5. Nc3 g6 6. e4 Nxd4 7. Qxd4 d6 8. Be3 Bg7 9. Qd2 O-O 10. f3 a5 11. Be2 a4 12. O-O Qa5 13. Rac1 Be6 14. Nd5 Qxd2 15. Nxe7+ Kh8 16. Bxd2 Rfe8 17. Nd5 Nxd5 18. cxd5 Bxd5 19. Bb5 Re5 20. Bc3 Bxa2 21. Bxe5 Bxe5 22. Rc2 Bd4+ 23. Kh1 Ra5 24. Rd1 Bc5 25. Bc4 Bxc4 26. Rxc4 b5 27. Rc2 b4 28. g3 a3 29. bxa3 bxa3 30. Ra2 h5 31.
Rd3 Kg7 32.
Rb3 Kf6 33.
f4 Ke6 34.
Rc3 Rb5 35.
Kg2 Bd4 36.
Rcxa3 Rb1 37. Ra4 Bc5 38. Ra1 Rb2+ 39. Kh3 h4 40. R4a2 Rb4 41. Kxh4 Rxe4 42. Kg5 Bd4 43. Rd1 Bf6+ 44. Kg4 g5 45. Rad2 Be7 46. Rd4 Re2 47. R1d2 Rxd2 48.
Rxd2 gxf4 49. Kxf4 f5 50. Re2+ Kf6 51. Rxe7 1-0

[Site "Europe Echecs"]

[Event "Championnat d'Europe de Blitz"]
[Date "2024.12.09"]
[White "Jobava, Baadur"]
[Black "Kazakouski, Valery"]
[WhiteElo "2578"]
[BlackElo "2567"]
[Round "6.1"]
[Result "1-0"]
[TimeControl "180+2"]

1. e4 e5 2. Nf3 Nc6 3. d4 exd4 4. Nxd4 Qf6 5. Nf5 Bb4+ 6. c3 Bc5 7.
Be3 Bxe3 8.
Nxe3 Nge7 9.
g3 d6 10.
Bg2 h5 11.
h4 Bd7 12.
Nd2 O-O-O 13. f4 Qg6 14. Kf2 f5 15. Re1 Rhf8 16. a4 Rde8 17. a5 a6 18. b4 fxe4 19. Nxe4 Nf5 20. Nxf5 Bxf5 21. Qd5 Bd7 22. Bf3 Rf5 23. Qd3 Ref8 24. Re3 Nd8 25. Ng5 Bc6 26. Rae1 Bxf3 27. Kxf3 Kd7 28. Re7+ Kc8 29. R1e3 Nc6 30. R7e6 R8f6 31. Kg2 Nd8 32. Re8 Kd7 33. R3e7+ Kc8 34. Qe4 d5 35. Qe3 Rc6 36. Qa7 1-0

[Site "Europe Echecs"]

[Event "Championnat d'Europe de Blitz"]
[Date "2024.12.09"]
[White "Muradli, Mahammad"]
[Black "Pichot, Alan"]
[WhiteElo "2588"]
[BlackElo "2637"]
[Round "6.2"]
[Result "0-1"]
[TimeControl "180+2"]

1. Nf3 Nf6 2. c4 e6 3. g3 d5 4. Bg2 Be7 5. O-O O-O 6. b3 d4 7. e3 c5 8. Ne5 Qc7 9. exd4 cxd4 10. Re1 Nbd7 11. Qe2 Qxe5 12. Qxe5 Nxe5 13. Rxe5 Nd7 14. Re4 Nc5 15. Rxd4 Bf6 16. Bb2 Nd3 17. Bc3 Bxd4 18. Bxd4 Rd8 19. Be3 Nb4 20. Nc3 Nc2 21. Rd1 Nxe3 22. fxe3 Rb8 23. d4 b6 24. e4 e5 25. d5 Bd7 26. Kf2 Kf8 27. Ke3 Ke7 28. b4 Rdc8 29. Bf1 Kd6 30. Bd3 Rc7 31. Rc1 Rbc8 32. Nb1 a5 33. a3 axb4 34. axb4 Ra8 35. Nc3 Ra3 36. Kd2 Rb3 37.
Rb1 Rxb1 38.
Nxb1 Ra7 39. Kc3 g6 40. Nd2 Ra3+ 41. Nb3 Ba4 42. c5+ Kc7 43. Bc4 bxc5 44. bxc5 Bxb3 45. Bxb3 f5 46. Kb4 Ra1 47. d6+ Kd7 48. exf5 gxf5 49. Bc4 e4 50. Bb5+ Ke6 51. d7 Ke7 52. c6 Kd8 53. Kc5 Kc7 54. Kd4 Rb1 55. Bc4 Rd1+ 56. Kc5 e3 57. Bb5 Rd2 0-1

[Site "Europe Echecs"]